 Dungeon Crawl Stone Soup version 0.31-a0-977-gc230f8ef24 (webtiles) character file.

Game seed: 12716736354697533327

5819 Dirtsage the Martial Artist (level 10, -3/83 HPs)
             Began as an Octopode Shapeshifter on Oct 29, 2023.
             Slain by a two-headed ogre
             ... wielding a +0 giant spiked club
              (10 damage)
             ... on level 8 of the Dungeon.
             The game lasted 00:16:47 (8288 turns).

Dirtsage the Martial Artist (Octopode Shapeshifter) Turns: 8288, Time: 00:16:48

Health: -3/83      AC:  8    Str: 18    XL:     10   Next: 80%
Magic:  10/10      EV: 10    Int: 14    God:
Gold:   455        SH:  0    Dex: 15    Spells: 9/9 levels left

rFire   . .          .
                       - Unarmed
rCold   . . .        (shield currently unavailable)
rNeg    . . .        (helmet currently unavailable)
rPois   .            t - amulet of reflection
rElec   .            S - ring of see invisible
rCorr   .            (no ring)
SInv    +            (no ring)
Will    .....        (no ring)
Stlth   +            (no ring)
HPRegen 0.33/turn    (no ring)
MPRegen 0.12/turn    (no ring)
                     (no ring)

%: reflection
@: confused, snake-form
A: constrict, boosted hp, almost no armour, amphibious, 8 rings, large,
(camouflage 1), (gelatinous body 1), (nimble swimmer 1), (tentacles)
a: Begin Untransformation


You were on level 8 of the Dungeon.
You were an enormous anaconda.
You visited 2 branches of the dungeon, and saw 9 of its levels.

You collected 455 gold pieces.

Inventory:

Missiles
 y - a throwing net
Magical Staves
 a - the staff of Demonkind {Contam rC+ Int+9 Ice}
   (You found it on level 8 of the Dungeon)

   [staff of cold]

   Base accuracy: +5 Base damage: 5 Base attack delay: 1.2 This weapon's minimum
   attack delay (0.6) is reached at skill level 12.
   Int+9:     It affects your intelligence (+9).
   rC+:       It protects you from cold.
   Contam:    It causes magical contamination when unequipped.
   Ice:       It increases the power of your Ice spells.
   It falls into the 'Staves' category.
   It is a one-tentacled weapon.
 o - a staff of conjuration
 u - a staff of cold
Jewellery
 d - an amulet of faith
 j - a ring of ice
 t - an amulet of reflection (around neck)
 S - a ring of see invisible (left tentacle)
 W - a ring of wizardry
Talismans
 b - a beast talisman
 c - a flux talisman
 v - a serpent talisman (active)
Wands
 m - a wand of paralysis (4)
 r - a wand of polymorph (5)
Scrolls
 e - 2 scrolls of amnesia
 f - 2 scrolls of vulnerability
 g - 2 scrolls of fear
 i - 3 scrolls of identify
 k - 3 scrolls of enchant armour
 B - 3 scrolls of blinking
Potions
 h - a potion of haste
 l - 2 potions of heal wounds
 n - a potion of brilliance
 p - a potion of ambrosia {unknown}
 q - 6 potions of curing
 s - a potion of enlightenment {unknown}
 w - a potion of degeneration {unknown}
 z - a potion of invisibility {unknown}
Miscellaneous
 x - a tin of tremorstones (2/2)


   Skills:
 + Level 7.1 Fighting
 - Level 2.0 Dodging
 * Level 10.5 Unarmed Combat
 * Level 9.8 Shapeshifting


You had 9 spell levels left.
You didn't know any spells.
Your spell library contained the following spells:

 Spells                   Type           Power      Damage    Failure   Level
 Sting                    Tmut/Pois      0%         1d3       28%         1
 Ensorcelled Hibernation  Hex/Ice        0%         N/A       41%         2
 Passwall                 Tmut/Erth      0%         N/A       41%         2
 Poisonous Vapours        Pois/Air       0%         N/A       41%         2
 Call Canine Familiar     Summ           0%         N/A       65%         3
 Mephitic Cloud           Conj/Pois/Air  0%         N/A       65%         3
 Sigil of Binding         Hex            0%         N/A       65%         3
 Swiftness                Air            0%         N/A       65%         3
 Dimensional Bullseye     Hex/Tloc       0%         N/A       96%         4
 Leda's Liquefaction      Hex/Erth       0%         N/A       96%         4
 Olgreb's Toxic Radiance  Pois           0%         N/A       96%         4
 Freezing Cloud           Conj/Ice/Air   0%         6-21      100%        5
 Haunt                    Necr/Summ      0%         N/A       100%        7
 Borgnjor's Revivificati  Necr           0%         N/A       100%        8
 Death's Door             Necr           0%         N/A       100%        9


Dungeon Overview and Level Annotations

Branches:
Dungeon (8/15)             Temple (1/1) D:6            Lair (0/5) D:8

Altars:
Ashenzari
Cheibriados
Dithmenos
Elyvilon
Fedhas
Gozag
Kikubaaqudgha
Nemelex Xobeh
Okawaru
Qazlal
Ru
Sif Muna
Trog
Vehumet
Xom
The Shining One

Shops:
D:7 :

Annotations:
D:2 1 runed translucent door, Crazy Yiuf
D:6 Grinder


Innate Abilities, Weirdness & Mutations

You are an enormous anaconda.
You have a powerful constriction melee attack.
Your maximum health is increased.
Your armour is entirely melded.
You are incapable of wielding weapons or throwing items.
You cannot wear most types of armour.
You are amphibious.
You can wear up to eight rings at the same time.
((Your skin changes colour to match your surroundings (Stealth+).))
((Your rubbery body absorbs attacks. (AC +1, EV +1)))
((You are camouflaged when in or above water. (Stealth+)))
((You have tentacles for arms and can constrict up to eight enemies at once.))


Message History

The golden eye blinks at you.
You are more confused.
You bump into the metal wall.
The two-headed ogre hits you with a +0 giant spiked club!
The two-headed ogre hits you with a +0 giant club!
You take 21 damage, and have 43/83 hp.
MASSIVE DAMAGE!!
You miss the golden eye.
The golden eye changes into a fire bat!
You body-slam the two-headed ogre!!
The two-headed ogre is almost dead.
The fire bat bites you but does no damage.
The two-headed ogre barely misses you. x2
You barely miss the two-headed ogre.
The two-headed ogre is almost dead.
The fire bat bites you but does no damage.
You bump into the metal wall.
The two-headed ogre hits you with a +0 giant spiked club!!
The two-headed ogre barely misses you.
You hear a shout!
You take 19 damage, and have 25/83 hp.
MASSIVE DAMAGE!!
You bump into the metal wall.
You hear a shout!
The fire bat bites you but does no damage.
The two-headed ogre barely misses you.
The two-headed ogre hits you with a +0 giant club.
* * * LOW HITPOINT WARNING * * *
A deep elf pyromancer comes into view.
It is wielding a +2 long sword of holy wrath.
You take 2 damage, and have 23/83 hp.
You closely miss the two-headed ogre.
The two-headed ogre is almost dead.
You barely miss the fire bat. The fire bat bites you.
* * * LOW HITPOINT WARNING * * *
You are engulfed in flames!
* * * LOW HITPOINT WARNING * * *
The fire bat bites you.
* * * LOW HITPOINT WARNING * * *
You are engulfed in flames.
* * * LOW HITPOINT WARNING * * *
The two-headed ogre completely misses you.
The two-headed ogre hits you with a +0 giant club!
You die...

...##..##.##..####+###
....##...#...###.## .# #
..#..##.....###)#)###.# ##.
......###'####.###..##.####+###..
......##..# #.## ###.##.#8...8#..
......##.####.#. ##.#.#..#..#..
......+.....+.#e #.#.'.###.'..
......####.##.#O## ##.#.#..#..#..
.#....# #..##.##S###.##.#8...8#..
[#....###'####.##b..##.####'###..
.....##.....###.#####.###.....##.
....##..#.#..###.....###..###..##
...##..##.##..####+####...#.....#
...#..#.....#..#(#.#.#..# ...##..
...#.##.....##.##.#.##..###...##.
...'...........')#.#.'......... .
...#.##.....##.#.).).#.###..####.


You could see a two-headed ogre, a deep elf pyromancer and a fire bat shaped
shifter.

Vanquished Creatures
  A hydra (D:8)
  A centaur warrior (D:8)
  An unseen horror (D:8)
  Jeremiah (D:8)
  A hornet (D:7)
  Sigmund (D:2)
  A wyvern (D:7)
  6 yaks (D:6)
  Menkaure (D:7)
  A water moccasin (D:7)
  An acid dragon (D:8)
  2 black bears
  An orc warrior (D:8)
  2 ice beasts
  An ogre (D:5)
  A sky beast (D:7)
  2 centaurs
  2 phantoms
  4 bullfrogs
  2 scorpions (D:5)
  5 wights (D:6)
  4 killer bees (D:5)
  4 howler monkeys
  2 jellies (D:6)
  An orc priest (D:7)
  2 hounds
  A sleepcap (D:7)
  Jessica (D:2)
  5 iguanas
  4 orc wizards
  4 adders
  A shadow imp (D:7)
  3 white imps
  18 orcs
  2 endoplasms
  3 giant cockroaches
  3 goblins
  6 hobgoblins
  7 jackals
  3 quokkas
  7 ball pythons
  4 bats
  4 frilled lizards
  6 kobolds
  A rat (D:1)
134 creatures vanquished.

Vanquished Creatures (others)
  An adder (D:6)
  4 orcs (D:6)
5 creatures vanquished.

Grand Total: 139 creatures vanquished

Notes
Turn   | Place    | Note
-------+----------+-------------------------------------------
     0 | D:1      | Dirtsage the Octopode Shapeshifter began the quest for the
                  | Orb.
     0 | D:1      | Reached XP level 1. HP: 13/13 MP: 1/1
   322 | D:1      | Reached XP level 2. HP: 18/18 MP: 2/2
   877 | D:2      | Reached XP level 3. HP: 23/23 MP: 3/3
   969 | D:2      | Noticed Jessica
   977 | D:2      | Killed Jessica
  1099 | D:2      | Found a runed translucent door.
  1100 | D:2      | Noticed Crazy Yiuf
  1249 | D:2      | Noticed Sigmund
  1261 | D:2      | HP: 1/24 [kobold/+0 short sword (2)]
  1262 | D:2      | Killed Sigmund
  1263 | D:2      | Reached skill level 4 in Unarmed Combat
  1263 | D:2      | Reached XP level 4. HP: 1/30 MP: 4/4
  1263 | D:2      | Reached XP level 5. HP: 2/35 MP: 5/5
  2216 | D:3      | Found a faded altar of an unknown god.
  2298 | D:4      | Reached XP level 6. HP: 17/41 MP: 6/6
  2903 | D:3      | Reached skill level 5 in Unarmed Combat
  3085 | D:5      | Entered Level 5 of the Dungeon
  3113 | D:5      | Reached skill level 5 in Shapeshifting
  3144 | D:5      | Reached XP level 7. HP: 25/46 MP: 7/7
  3517 | D:5      | Reached skill level 6 in Unarmed Combat
  3530 | D:5      | HP: 2/47 [poisoned by a killer bee]
  3988 | D:5      | Reached XP level 8. HP: 48/54 MP: 8/8
  4459 | D:5      | Found a shimmering blue altar of Sif Muna.
  4685 | D:6      | Noticed Grinder
  4762 | D:6      | HP: 2/54 [ice beast (11)]
  5028 | D:6      | Reached skill level 7 in Unarmed Combat
  5281 | D:6      | Paralysed by an orc for 3 turns
  5290 | D:6      | Found a staircase to the Ecumenical Temple.
  5299 | Temple   | Entered the Ecumenical Temple
  5337 | D:6      | Noticed a yak
  5338 | D:6      | Found a sparkling altar of Nemelex Xobeh.
  5338 | D:6      | Noticed a yak
  5338 | D:6      | Noticed a yak
  5338 | D:6      | Noticed a yak
  5338 | D:6      | Noticed a yak
  5338 | D:6      | Noticed a yak
  5350 | D:6      | Killed a yak
  5355 | D:6      | Killed a yak
  5356 | D:6      | Reached skill level 5 in Fighting
  5356 | D:6      | Reached XP level 9. HP: 61/61 MP: 9/9
  5366 | D:6      | Reached skill level 8 in Unarmed Combat
  5821 | D:6      | Paralysed by Grinder for 5 turns
  6579 | D:7      | Noticed a hornet
  6588 | D:7      | Killed a hornet
  6589 | D:7      | Reached skill level 9 in Unarmed Combat
  6608 | D:7      | Noticed Menkaure
  6613 | D:7      | Killed Menkaure
  6845 | D:7      | Reached XP level 10. HP: 68/68 MP: 10/10
  6931 | D:7      | Found Urhomu Jonia's Book Shop.
  7439 | D:8      | Found a broken altar of Ashenzari.
  7441 | D:8      | Found a staircase to the Lair.
  7445 | D:8      | Found an iron altar of Okawaru.
  7642 | D:8      | Noticed Jeremiah
  7643 | D:8      | Found a shadowy altar of Dithmenos.
  7748 | D:8      | Killed Jeremiah
  7769 | D:8      | Found an ancient bone altar of Kikubaaqudgha.
  7771 | D:8      | Found a radiant altar of Vehumet.
  7772 | D:8      | Found a white marble altar of Elyvilon.
  8078 | D:8      | Identified the staff of Demonkind {Contam rC+ Int+9 Ice}
  8078 | D:8      | Noticed an unseen horror
  8078 | D:8      | Noticed a six-headed hydra
  8078 | D:8      | Noticed a centaur warrior
  8084 | D:8      | Killed an unseen horror
  8085 | D:8      | Reached skill level 10 in Unarmed Combat
  8091 | D:8      | Killed a six-headed hydra
  8097 | D:8      | Killed a centaur warrior
  8275 | D:8      | Noticed a two-headed ogre
  8286 | D:8      | Noticed a deep elf pyromancer
  8288 | D:8      | Slain by a two-headed ogre

Illustrated notes

Levels and vault maps discovered:
D:1:      minmay_arrival_three_doors, layout_basic
D:2:      layout_loops_ring, uniq_sigmund, uniq_jessica, uniq_crazy_yiuf_cottage
D:3:      layout_loops_ring, shapermc_ecumenical_altar_acropolis,
          nicolae_elevator_lobby_asterisk
D:4:      layout_basic
D:5:      layout_basic, nicolae_sif_muna_condensation
D:6:      layout_basic, mainiacjoe_overflow_paths, lemuel_temple_firewalk_a,
          uniq_grinder
D:7:      layout_basic, serial_shops, kennysheep_little_box, dk_noncrumbling_4,
          amcnicky_mini_pool_small, bh_walls_and_bars, uniq_menkaure
D:8:      minmay_the_grid_octo_tiled_octocenter
          [minmay_the_grid_octo_tetromino_candy, minmay_the_grid_octo_clover,
          minmay_the_grid_octo_chip, minmay_the_grid_octo_horde,
          minmay_the_grid_octo_prize_single_spiral,
          minmay_the_grid_square_5x5_shrine2, minmay_the_grid_square_5x5_empty,
          minmay_the_grid_square_5x5_detours,
          minmay_the_grid_square_5x5_half_checkered], layout_rooms,
          mainiacjoe_overflow_24_doors, grunt_temple_overflow_open,
          nzn_hepliaklqana_mist_gate, lair_entry_dummy,
          nicolae_concentric_dashed_squares_wild, uniq_jeremiah
Temple:   hellmonk_temple_beads

Skill      XL: |  1  2  3  4  5  6  7  8  9 10 |
---------------+-------------------------------+-----
Fighting       | 2 3 4 5 6 7 |  7.1
Unarmed Combat | 4 5 6 7 9 10 | 10.5
Shapeshifting  | 4 5 7 8 9 |  9.8
Dodging        | |  2.0

Action                     |  1- 3 |  4- 6 |  7- 9 | 10-12 || total
---------------------------+-------+-------+-------+-------++-------
  Melee: Unarmed           |    48 |    84 |   170 |    83 ||   385
         Constrict         |    12 |    22 |    31 |    14 ||    79
         Tentacles         |     8 |    15 |    25 |       ||    48
         Punch             |     1 |     4 |    18 |     3 ||    26
  Evoke: Wand              |       |       |     6 |     5 ||    11
    Use: Scroll            |       |     4 |    10 |     3 ||    17
         Potion            |       |       |     3 |     1 ||     4
   Stab: Sleeping          |     5 |     7 |     3 |     1 ||    16
         Distracted        |       |     1 |       |       ||     1
         Paralysed         |       |       |     7 |     8 ||    15
 Armour: Skin              |    18 |    43 |   101 |    81 ||   243
  Dodge: Dodged            |    21 |    41 |    60 |    25 ||   147
  Block: Other             |       |       |       |    18 ||    18
         Reflection        |       |       |       |     2 ||     2
   Form: Anaconda          |       |       |     1 |       ||     1

Table legend: (Time is in decaauts)
 A = Elapsed time spent in this place.
 B = Non-inter-level travel time spent in this place.
 C = Inter-level travel time spent in this place.
 D = Time resting spent in this place.
 E = Time spent auto-exploring this place.
 F = Levels seen in this place.
 G = Mean time per level.
                   A        B        C        D        E       F      G
               +--------+--------+--------+--------+--------+-----+--------+
         Total |   8236 |   7920 |    316 |    277 |   6337 |   9 |  915.1 |
       Dungeon |   8234 |   7918 |    316 |    277 |   6337 |   8 | 1029.2 |
        Temple |      1 |      1 |      0 |      0 |      0 |   1 |    1.0 |
               +--------+--------+--------+--------+--------+-----+--------+

Top non-repeatable levels by time:
     D:6: 1625 daAuts
     D:5: 1565 daAuts
     D:7: 1145 daAuts
     D:4: 845 daAuts
     D:2: 844 daAuts
     D:8: 753 daAuts
     D:1: 731 daAuts
     D:3: 723 daAuts
  Temple: 1 daAuts
